 Dungeon Crawl Stone Soup version 0.19.5 (webtiles) character file.

3732 BugsBunnySan the Gouger (level 9, 0/69 HPs)
             Began as a Felid Berserker on Mar 14, 2017.
             Was an Elder of Trog.
             Slain by a frost giant
             ... wielding a +2 battleaxe of freezing
              (31 damage)
             ... in an ice cave.
             The game lasted 00:43:14 (14326 turns).

BugsBunnySan the Gouger (Felid Berserker)          Turns: 14326, Time: 00:43:14

Health: 0/69       AC:  2    Str: 18    XL:     9   Next: 92%
Magic:  0/10       EV: 27    Int:  8    God:    Trog [****..]
Gold:   495        SH:  0    Dex: 20    Spells: 0 memorised, 8 levels left
                                        Lives:  0   Deaths: 3

rFire  x . .     SeeInvis +       - Unarmed
rCold  + . .     Gourm    .     (armour unavailable)
rNeg   . . .     Faith    .     (shield unavailable)
rPois  .         Spirit   +     (helmet unavailable)
rElec  .         Reflect  .     (cloak unavailable)
rCorr  .         Harm     .     (gloves unavailable)
MR     +++..                    (boots unavailable)
Stlth  ..........               y - amulet of guardian spirit
                                (no ring)
                                f - ring of ice

@: berserking (expiring), regenerating, very quick
A: no armour, no weapons or thrown items, stealth, claws 1, fangs 3, see
invisible, carnivore 3, speed 1, shaggy fur 2, slow metabolism 1, sharp paws
a: Berserk, Trog's Hand, Brothers in Arms, Burn Spellbooks, Renounce Religion


You were in an ice cave.
You worshipped Trog.
Trog was greatly pleased with you.
You were very full.

You visited 2 branches of the dungeon, and saw 14 of its levels.
You also visited: Ice Cave.

You collected 718 gold pieces.
You spent 223 gold pieces at shops.

Inventory:

Jewellery
 b - an uncursed ring of protection from fire
 f - a ring of ice (left paw)
 k - an uncursed amulet of rage
 x - an uncursed ring of flight
 y - an amulet of guardian spirit (around neck)
Wands
 s - a wand of random effects (42/48)
Scrolls
 c - 2 scrolls of remove curse
 d - a scroll of fog {unknown}
 e - a scroll of summoning {unknown}
 g - a scroll of immolation {unknown}
 i - 2 scrolls of blinking
 p - 2 scrolls of teleportation
 r - 3 scrolls of enchant weapon {unknown}
 t - 4 scrolls of noise {unknown}
 u - 2 scrolls of recharging
 v - a scroll of amnesia {unknown}
 w - 2 scrolls of fear {unknown}
 A - 2 scrolls of identify
Potions
 h - a potion of agility
 j - a potion of cancellation
 q - a potion of heal wounds {unknown}
 z - a potion of brilliance
 C - a potion of haste {unknown}
Comestibles
 a - 7 meat rations
 l - 4 slices of pizza
 m - 2 royal jellies
 n - 8 beef jerkies


   Skills:
 * Level 9.6 Fighting
 + Level 10.3 Dodging
 + Level 12.2 Stealth
 + Level 13.0 Unarmed Combat


You had 8 spell levels left.
You didn't know any spells.

Dungeon Overview and Level Annotations

Branches:
Dungeon (13/15)            Temple (1/1) D:7            Lair (0/6) D:10
    Orc (0/2) D:10
 Vaults: D:13-14

Altars:
Ashenzari
Cheibriados
Dithmenos
Elyvilon
Fedhas
Gozag
Hepliaklqana
Kikubaaqudgha
Makhleb
Nemelex Xobeh
Okawaru
Qazlal
Ru
Sif Muna
Trog
Uskayaw
Vehumet
Xom
Yredelemnul
Zin
The Shining One

Shops:
D:4 %   D:7 =   D:10 ?   D:13 [


Innate Abilities, Weirdness & Mutations

You cannot wear armour.
You are incapable of wielding weapons or throwing items.
Your paws allow you to move quietly. (Stealth)
You have sharp claws.
You have razor-sharp teeth.
You have supernaturally acute eyesight. (SInv)
You are carnivorous and can eat meat at any time.
You cover ground quickly.
You are covered in thick fur. (AC +2)
You have a slow metabolism.
Your sharp claws are effective at attacking unaware monsters.


Message History

The wolf moves out of view.
A wolf comes into view.
The frost giant points at you and mumbles some strange words.
The bolt of cold hits you! You resist.
The yak bellows!
You hear a bellow!
The wolf howls!
You hear a howl! x2
A red film seems to cover your vision as you go berserk!
You feel yourself moving faster!
You feel mighty!
The frost giant points at you and mumbles some strange words.
The bolt of cold hits you! You resist.
You hear a howl!
A yak comes into view.
You feel a strong urge to attack something.
You scratch the yak. You bite the yak!
The yak is heavily wounded.
You feel the effects of Trog's Hand fading.
You mangle the yak!!
You kill the yak!
Trog accepts your kill.
The frost giant hits you with a battleaxe of freezing!!!
You die...

#≈≈≈≈≈###...##
#≈≈≈≈.#.....#
##≈≈##......##
#≈ ##..###..##
# #.....##..#
#.....)#..#
#......##.##
#......)#..#
#..#.)..#@.#
#..#..)##.C#
#..##[##YYh#
#.. ###hhh.#
.....# ......#
........
.........


You could see a frost giant, 2 yaks and 4 wolves.

Vanquished Creatures
  Erolcha (D:9)
  Fannar (D:11)
  Urug (D:10)
  An unseen horror (D:10)
  Pikel (D:6)
  The ghost of magipi the Carver, a novice DEBe of Trog (D:7)
  A hill giant (D:13)
  A manticore (D:13)
  2 rust devils (D:8)
  3 kobold demonologists (D:11)
  3 trolls
  A two-headed ogre (D:9)
  Grinder (D:3)
  A polar bear (D:13)
  2 hippogriffs (D:8)
  A wraith (D:12)
  3 wyverns
  A basilisk (D:11)
  A yak (IceCv)
  A hungry ghost (D:12)
  A steam dragon (D:11)
  The ghost of humperndinck the Shield-Bearer, an amateur HaFi of the Shining One (D:4)
  Menkaure (D:7)
  Duvessa (D:7)
  5 orc warriors
  A hornet zombie (D:9)
  A sky beast (D:10)
  A necrophage (D:10)
  8 ogres
  4 phantoms
  A black bear (D:9)
  2 centaurs
  2 big kobolds
  7 bullfrogs
  Dowan (D:7)
  A wyvern skeleton (D:9)
  2 scorpions (D:4)
  21 killer bees
  2 vampire bats (D:6)
  8 wights
  2 howler monkeys
  A bullfrog zombie (D:11)
  4 crimson imps
  2 centaur zombies
  Crazy Yiuf (D:3)
  4 orc priests
  7 hounds
  2 jellies
  11 orc wizards
  5 bullfrog skeletons
  Ijyb (D:3)
  4 iguanas
  10 worker ants
  2 hound zombies
  3 hound skeletons
  2 worker ant zombies
  4 gnolls (D:4)
  11 adders
  A river rat (D:10)
  5 shadow imps
  2 oozes
  5 worms
  A dart slug (D:2)
  6 leopard geckos
  40 orcs
  2 ball pythons
  7 giant cockroaches
  11 goblins
  9 hobgoblins
  10 jackals
  3 quokkas
  12 bats
  5 frilled lizards
  12 kobolds
  19 rats
  A fungus (D:10)
326 creatures vanquished.

Vanquished Creatures (others)
  A centaur skeleton (D:6)
  A worker ant (D:6)
  2 quokkas
  5 bats (D:6)
  2 fungi (D:10)
11 creatures vanquished.

Grand Total: 337 creatures vanquished

Notes
Turn   | Place    | Note
-------+----------+-------------------------------------------
     0 | D:1      | BugsBunnySan the Felid Berserker began the quest for the Orb.
     0 | D:1      | Reached XP level 1. HP: 10/10 MP: 2/2
   169 | D:1      | Reached XP level 2. HP: 14/14 MP: 3/3
  1237 | D:2      | Reached XP level 3. HP: 5/17 MP: 4/4
  1690 | D:2      | Reached ** piety under Trog
  2158 | D:2      | Reached skill level 4 in Unarmed Combat
  2158 | D:2      | Reached XP level 4. HP: 5/22 MP: 5/5
  2919 | D:3      | Noticed Grinder
  2927 | D:3      | Reached skill level 5 in Dodging
  2927 | D:3      | Reached XP level 5. HP: 25/25 MP: 6/6
  2940 | D:3      | Killed Grinder
  2940 | D:3      | Reached skill level 5 in Unarmed Combat
  2940 | D:3      | Gained mutation: You are covered in thick fur. (AC +2) [Felid growth]
  2940 | D:3      | Reached XP level 6. HP: 26/29 MP: 7/7
  3128 | D:3      | Noticed Ijyb
  3138 | D:3      | Killed Ijyb
  3369 | D:3      | Found an opulent altar of Gozag.
  3490 | D:3      | Found a runed door.
  3494 | D:3      | Noticed Crazy Yiuf
  3499 | D:3      | Killed Crazy Yiuf
  3920 | D:4      | Reached XP level 7. HP: 26/33 MP: 8/8
  3958 | D:4      | Reached skill level 5 in Fighting
  4227 | D:4      | Reached skill level 6 in Unarmed Combat
  4697 | D:4      | Noticed humperndinck's ghost (amateur HaFi)
  4703 | D:4      | Killed humperndinck's ghost
  4907 | D:4      | Found Beutt's Food Boutique.
  4995 | D:4      | Reached XP level 8. HP: 30/37 MP: 9/9
  5086 | D:4      | Reached skill level 5 in Stealth
  5086 | D:4      | Reached skill level 7 in Unarmed Combat
  5312 | D:4      | Reached *** piety under Trog
  5585 | D:4      | Reached skill level 8 in Unarmed Combat
  5727 | D:5      | Entered Level 5 of the Dungeon
  6979 | D:6      | Noticed Pikel
  7030 | D:6      | Killed Pikel
  7030 | D:6      | Reached skill level 9 in Unarmed Combat
  7030 | D:6      | Reached XP level 9. HP: 34/42 MP: 10/10
  7586 | D:6      | Found a hazy altar of Hepliaklqana.
  7971 | D:7      | Noticed Duvessa
  7971 | D:7      | Noticed Dowan
  7979 | D:7      | Killed Duvessa
  7980 | D:7      | Killed Dowan
  7985 | D:7      | HP: 1/64 [wight/halberd (10)]
  7985 | D:7      | Slain by a wight
  7986 | D:7      | Reached XP level 8. HP: -3/60 MP: 9/9
  7986 | D:7      | Found a staircase to the Ecumenical Temple.
  8018 | D:7      | Found a sacrificial altar of Ru.
  8281 | D:7      | Found a blossoming altar of Fedhas.
  8281 | D:7      | Found a deep blue altar of Sif Muna.
  8281 | D:7      | Found a shadowy altar of Dithmenos.
  8281 | D:7      | Found a bloodstained altar of Trog.
  8283 | D:7      | Found a shattered altar of Ashenzari.
  8286 | D:7      | Found a shimmering altar of Xom.
  8347 | D:7      | Found a sacrificial altar of Ru.
  8415 | D:7      | Found Salappaw's Jewellery Emporium.
  8441 | D:7      | Bought an uncursed ring of flight for 175 gold pieces
  8449 | D:7      | Noticed magipi's ghost (novice DEBe)
  8464 | D:7      | Killed magipi's ghost
  8464 | D:7      | Reached skill level 10 in Unarmed Combat
  8464 | D:7      | Reached XP level 9. HP: 43/43 MP: 10/10
  8528 | D:7      | Found an iron altar of Okawaru.
  8648 | D:7      | Reached **** piety under Trog
  9036 | D:7      | Noticed Menkaure
  9045 | D:7      | Killed Menkaure
  9183 | D:8      | Found an ancient bone altar of Kikubaaqudgha.
  9191 | D:8      | Reached skill level 10 in Stealth
 10322 | Temple   | Entered the Ecumenical Temple
 10608 | D:9      | Reached XP level 10. HP: 43/48 MP: 8/11
 10718 | D:9      | Gained mutation: You possess an exceptional clarity of mind. [potion of mutation]
 10718 | D:9      | Gained mutation: You are clumsy. (Dex -2) [potion of mutation]
 10718 | D:9      | Gained mutation: You are partially covered in rugged brown scales. (AC +1, +3% HP) [potion of mutation]
 10925 | D:9      | Noticed Erolcha
 10941 | D:9      | Killed Erolcha
 10941 | D:9      | Reached skill level 11 in Unarmed Combat
 11077 | D:10     | Entered Level 10 of the Dungeon
 11376 | D:10     | Found Emmib's Magic Scroll Shoppe.
 11382 | D:10     | Bought a scroll of identify for 24 gold pieces
 11382 | D:10     | Bought a scroll of identify for 24 gold pieces
 11382 | D:10     | Lost mutation: You are clumsy. (Dex -2) [potion of cure mutation]
 11382 | D:10     | Lost mutation: You are partially covered in rugged brown scales. (AC +1, +3% HP) [potion of cure mutation]
 11382 | D:10     | Lost mutation: You possess an exceptional clarity of mind. [potion of cure mutation]
 11488 | D:10     | Noticed Urug
 11496 | D:10     | Killed Urug
 11631 | D:8      | Noticed a rust devil
 11631 | D:8      | Noticed a rust devil
 11640 | D:8      | Killed a rust devil
 11722 | D:8      | Killed a rust devil
 11722 | D:8      | Reached XP level 11. HP: 26/53 MP: 4/12
 11927 | D:9      | Reached skill level 12 in Unarmed Combat
 12438 | D:10     | Found a staircase to the Lair.
 12474 | D:10     | Noticed an unseen horror
 12487 | D:10     | Killed an unseen horror
 12572 | D:11     | Noticed a sixfirhy
 12809 | D:10     | Found a staircase to the Orcish Mines.
 13110 | D:11     | Gained mutation: Your body sometimes deteriorates upon taking damage. [potion of mutation]
 13110 | D:11     | Gained mutation: You are resistant to hostile enchantments. (MR+) [potion of mutation]
 13110 | D:11     | Gained mutation: Your muscles are strong. (Str +2) [potion of mutation]
 13111 | D:11     | Lost mutation: Your muscles are strong. (Str +2) [potion of cure mutation]
 13111 | D:11     | Lost mutation: Your body sometimes deteriorates upon taking damage. [potion of cure mutation]
 13111 | D:11     | Lost mutation: You are resistant to hostile enchantments. (MR+) [potion of cure mutation]
 13336 | D:11     | Found an opulent altar of Gozag.
 13348 | D:11     | Noticed Fannar
 13355 | D:11     | Killed Fannar
 13355 | D:11     | Reached skill level 10 in Dodging
 14151 | D:13     | Found Linlok's Armour Shop.
 14169 | D:13     | Noticed a hill giant
 14169 | D:13     | Noticed a catoblepas
 14195 | D:13     | Killed a hill giant
 14206 | D:13     | Slain by a catoblepas
 14207 | D:13     | Reached XP level 10. HP: 0/49 MP: 0/11
 14250 | D:13     | Found a frozen archway.
 14250 | D:13     | Noticed a manticore
 14258 | D:13     | Killed a manticore
 14264 | D:13     | Reached skill level 13 in Unarmed Combat
 14272 | IceCv    | Entered an ice cave
 14287 | IceCv    | Slain by a yak
 14288 | IceCv    | Reached XP level 9. HP: -5/46 MP: 0/10
 14318 | IceCv    | Noticed a frost giant
 14326 | IceCv    | Slain by a frost giant

Skill      XL: |  1  2  3  4  5  6  7  8  9 10 11 |
---------------+----------------------------------+-----
Fighting       | 4 5 6 7 9 |  9.6
Unarmed Combat | 4 5 6 10 13 12 | 13.0
Dodging        | 5 6 7 9 10 | 10.3
Stealth        | 2 3 4 9 10 11 12 | 12.2

Action                   |  1- 3 |  4- 6 |  7- 9 | 10-12 || total
-------------------------+-------+-------+-------+-------++-------
Melee: Unarmed           |   116 |    96 |   359 |   407 ||   978
       Bite              |    10 |     8 |    38 |    58 ||   114
       Punch             |     2 |     5 |    14 |    23 ||    44
Invok: Berserk           |     4 |     3 |    17 |    11 ||    35
       Trog's Hand       |       |     3 |    12 |    15 ||    30
       Brothers in Arms  |       |       |       |     1 ||     1
  Use: Scroll            |       |       |     7 |     6 ||    13
       Potion            |       |       |     2 |     7 ||     9
 Stab: Sleeping          |     2 |     8 |    31 |    10 ||    51
       Distracted        |       |     1 |     2 |     2 ||     5
       Invisible         |       |       |       |     2 ||     2
  Eat: Chunk             |    12 |     7 |    42 |    20 ||    81
Armor: Skin              |     5 |     3 |    12 |     8 ||    28
Dodge: Dodged            |    91 |    63 |   263 |   459 ||   876
